 Dungeon Crawl Stone Soup version 0.19-a0-1379-gd925bfa (webtiles) character file.

127 Ginkk the Bolt Thrower (level 5, 0/53 HPs)
             Began as an Ogre Hunter on Sept 1, 2016.
             Was an Initiate of the Shining One.
             Succumbed to an adder's poison
             ... on level 4 of the Dungeon on Sept 2, 2016.
             The game lasted 00:12:23 (851 turns).

Ginkk the Bolt Thrower (Ogre Hunter)                 Turns: 851, Time: 00:12:24

Health: 0/53       AC:  3    Str: 19    XL:     5   Next: 11%
Magic:  5/5        EV: 10    Int: 10    God:    the Shining One [......]
Gold:   41         SH:  0    Dex: 11    Spells: 0 memorised, 4 levels left

rFire  . . .     SeeInvis .     A - +0 hand axe (curse)
rCold  . . .     Gourm    .     c - +0 robe
rNeg   . . .     Faith    .     (no shield)
rPois  .         Spirit   .     (helmet restricted)
rElec  .         Dismiss  .     (no cloak)
rCorr  .         Reflect  .     (gloves unavailable)
MR     .....     Harm     .     (boots unavailable)
Stlth  +.........               k - amulet of inaccuracy (curse)
                                (no ring)
                                l - +2 ring of strength

@: lethally poisoned (0 -> -5), glowing
A: unfitting armour, tough skin 1
a: Renounce Religion


You were on level 4 of the Dungeon.
You worshipped the Shining One.
The Shining One was noncommittal.
You were not hungry.

You visited 1 branch of the dungeon, and saw 4 of its levels.

You collected 41 gold pieces.

Inventory:

Hand Weapons
 a - a +2 hand crossbow
 b - a +0 short sword
 e - a +0 club
 g - a +4 dagger
 m - a +0 club
 n - a +0 club
 o - a +0 short sword
 t - a +0 falchion
 w - a +0 short sword
 x - a +0 whip
 A - a cursed +0 hand axe (weapon)
 B - a +0 short sword
 E - a +0 dagger
Missiles
 i - 25 sling bullets
Armour
 c - a +0 robe (worn)
 h - a +0 ring mail
 p - a +0 robe
 r - a +0 ring mail
 v - a +0 pair of boots
 y - a +0 scale mail
 C - a +0 leather armour
 D - a +0 robe
Jewellery
 k - a cursed amulet of inaccuracy (around neck)
 l - a +2 ring of strength (left hand)
Scrolls
 q - a scroll of teleportation
Comestibles
 f - a bread ration
 s - a slice of pizza


   Skills:
 + Level 3.0 Fighting
 + Level 4.2 Crossbows
 + Level 2.6 Dodging
 + Level 1.1 Stealth


You had 4 spell levels left.
You didn't know any spells.

Dungeon Overview and Level Annotations

Branches:
Dungeon (4/15)
 Temple: D:4-7

Altars:
Ashenzari
Nemelex Xobeh
Ru
The Shining One


Innate Abilities, Weirdness & Mutations

You are too large for most types of armour.
You have tough skin. (AC +1)


Message History

You feel sick. The adder closely misses you.
You closely miss the adder.
The adder is lightly wounded.
* * * LOW HITPOINT WARNING * * *
You feel sick. The adder bites you.
* * * LOW HITPOINT WARNING * * *
The adder closely misses you.
You miss the adder.
The adder is lightly wounded.
* * * LOW HITPOINT WARNING * * *
You feel sick. The adder bites you.
* * * LOW HITPOINT WARNING * * *
The adder bites you but does no damage.
You closely miss the adder.
The adder is lightly wounded.
* * * LOW HITPOINT WARNING * * *
You feel sick. The adder barely misses you.
You miss the adder.
The adder is lightly wounded.
You die...

*,,,,,,,,* ********,* *,* *,
*,,,,(..,* *,***,* *, *,,,,....*
*,,**+***,
*,,,,..(.###########*,,,,,**,
*,,,,..............,+,,,,,,,,
***,**#..........#***,,,,,,*,
*,* #..(.......# *,,,,,,*,
***,**#...!S.....######,,*,**
*****,,,,,#(...)@..........,,*,*
,,,,*,,,,,#########.#######,,*,*
,,,,,,,,,,* #.# *,,*,*
,,,,,,,,,** #.#*******>*,*
,,,,,,,,,* #.#,,,,,,,,*,*
**,,,,,,,* #.#,******,*,*
*,,,,,,,* #.#,*,,,**,*,*
*,,,,,,,* #.#,*,*.#*,*,*
*,,,,,,,***#######.#,,,,.#,,*,*


You could see an adder.

Vanquished Creatures
  2 orc wizards
  Jessica (D:3)
  An adder (D:2)
  2 worms
  6 orcs
  2 bats
  2 giant cockroaches (D:3)
  2 goblins (D:2)
  A hobgoblin (D:2)
  2 kobolds (D:2)
  2 quokkas
  2 giant newts (D:2)
  2 rats
27 creatures vanquished.

Notes
Turn   | Place    | Note
-------+----------+-------------------------------------------
     0 | D:1      | Ginkk the Ogre Hunter began the quest for the Orb.
     0 | D:1      | Reached XP level 1. HP: 22/22 MP: 1/1
     0 | D:1      | Upgraded the game from 0.19-a0-1337-g9bf5fb0 to 0.19-a0-1361-g42bf4bf
     0 | D:1      | Upgraded the game from 0.19-a0-1361-g42bf4bf to 0.19-a0-1379-gd925bfa
    93 | D:2      | Reached skill level 3 in Crossbows
   130 | D:2      | Found a glowing golden altar of the Shining One.
   147 | D:2      | Became a worshipper of the Shining One
   163 | D:2      | Found a sacrificial altar of Ru.
   173 | D:2      | Reached XP level 2. HP: 29/29 MP: 2/2
   447 | D:3      | Found a sparkling altar of Nemelex Xobeh.
   447 | D:3      | Noticed Jessica
   450 | D:3      | Killed Jessica
   450 | D:3      | Reached XP level 3. HP: 36/36 MP: 3/3
   479 | D:3      | Reached XP level 4. HP: 32/44 MP: 4/4
   483 | D:3      | Reached skill level 4 in Crossbows
   706 | D:3      | Found a shattered altar of Ashenzari.
   802 | D:4      | Reached skill level 1 in Stealth
   810 | D:4      | Reached XP level 5. HP: 30/53 MP: 5/5
   849 | D:4      | HP: 2/53 [adder (2)]
   851 | D:4      | Succumbed to an adder's poison

Vault maps used:
D:1:      tarquinn_simple_flora_water_d
D:2:      grunt_temple_overflow_order_and_chaos_2, lemuel_round_altar,
          marbit_many_paths, nicolae_ru_awakened_eye
D:3:      nemelex_xobeh_ov_fountains_minmay, overflow_temple_1_default,
          portal_sewer_entry_a, uniq_jessica, uniq_natasha
D:4:      nicolae_gozag_seed_capital, first_bread,
          nicolae_ossuary_entry_false_entrances

Skill      XL: |  1  2  3  4 |
---------------+-------------+-----
Crossbows      | 3 4 |  4.2
Dodging        | 2 |  2.6
Stealth        | 1 |  1.1
Fighting       | 3 |  3.0

Action                   |  1- 3 |  4- 6 || total
-------------------------+-------+-------++-------
Melee: Hand axe          |       |    11 ||    11
 Fire: Hand crossbow     |    40 |    30 ||    70
Throw: Stone             |       |     3 ||     3
       Tomahawk          |       |     3 ||     3
  Use: Scroll            |     5 |     1 ||     6
       Potion            |     3 |       ||     3
Armor: Robe              |     4 |     6 ||    10
Dodge: Dodged            |    24 |    17 ||    41
